 Dungeon Crawl Stone Soup version 0.26-a0-30-g56b8cd3df0 (webtiles) character file.

Game seed: 16324796369541483488, levelgen mode: deterministic

20109 Gwenloh the Grappler (level 12, -6/101 HPs)
             Began as a Purple Draconian Transmuter on June 2, 2020.
             Was a Priest of Sif Muna.
             Mangled by a six-headed hydra (9 damage)
             ... on level 2 of the Lair of Beasts on June 3, 2020.
             The game lasted 01:15:07 (18263 turns).

Gwenloh the Grappler (Purple Draconian Transmuter) Turns: 18263, Time: 01:15:09

Health: -6/101     AC: 11    Str: 13    XL:     12   Next: 42%
Magic:  19/24      EV: 17    Int: 18    God:    Sif Muna [***...]
Gold:   619        SH:  0    Dex: 18    Spells: 13/28 levels left

rFire    . . .     SeeInvis .     - Unarmed
rCold    + + .     Gourm    .   (shield currently unavailable)
rNeg     . . .     Faith    .   (armour unavailable)
rPois    .         Spirit   .   (helmet restricted)
rElec    .         Reflect  .   k - scarf {rC+ rF+}
rCorr    .         Harm     .   (gloves currently unavailable)
MR       +....                  J - +2 pair of boots
Stlth    ++........             p - amulet of magic regeneration
HPRegen  0.26/turn              F - ring "Suwu" {Wiz rF- rC+ Dex+6 Slay+3}
MPRegen  0.44/turn              (no ring)

@: blade hands, studying Shields
A: breathe power, unfitting armour, cold-blooded, AC +8
a: Breathe Dispelling Energy, End Transformation, Channel Magic, Forget Spell,
Renounce Religion


You were on level 2 of the Lair of Beasts.
You worshipped Sif Muna.
Sif Muna was most pleased with you.
You were hungry.
You had blades for hands.
You visited 3 branches of the dungeon, and saw 14 of its levels.

You collected 619 gold pieces.

Inventory:

Hand Weapons
 a - a +0 shortbow (melded)
Missiles
 b - 100 sling bullets
 h - 536 stones
 n - 73 bolts
 z - 16 poisoned darts
 B - 261 arrows
 M - 6 boomerangs (quivered)
Armour
 k - a scarf of resistance (worn)
 J - a +2 pair of boots (worn)
Jewellery
 p - an amulet of magic regeneration (around neck)
 v - an uncursed ring of ice
 F - the ring "Suwu" (left scythe-like blade) {Wiz rF- rC+ Dex+6 Slay+3}
   (You found it on level 5 of the Dungeon)

   [ring of wizardry]

   It improves your spell success rate.
   It affects your dexterity (+6).
   It affects your accuracy and damage with ranged weapons and melee attacks
   (+3).
   It makes you vulnerable to fire.
   It protects you from cold.
 Q - an uncursed ring of ice
Wands
 e - a wand of acid (11)
 i - a wand of iceblast (5)
 w - a wand of flame (28)
 A - a wand of digging (8)
 C - a wand of enslavement (7)
 I - a wand of random effects (32)
 N - a wand of paralysis (32)
 O - a wand of clouds (3)
Scrolls
 f - 11 scrolls of remove curse
 g - a scroll of magic mapping
 j - 3 scrolls of amnesia
 q - a scroll of fear
 s - 10 scrolls of teleportation
 u - 2 scrolls of noise
 y - a scroll of enchant weapon {unknown}
 E - a scroll of random uselessness {unknown}
 G - a scroll of blinking {unknown}
 H - 2 scrolls of fog {unknown}
 K - 2 scrolls of immolation {unknown}
 R - 5 scrolls of enchant armour
 T - 2 scrolls of identify
Potions
 d - 5 potions of curing
 l - a potion of flight {unknown}
 m - a potion of resistance
 o - a potion of might
 r - 2 potions of lignification {unknown}
 t - a potion of heal wounds {unknown}
 x - 4 potions of stabbing
 L - a potion of mutation {unknown}
 P - 2 potions of brilliance {unknown}
 S - a potion of haste {unknown}
Books
 D - a manual of Shields
Comestibles
 c - 27 rations
 U - 8 chunks of flesh


   Skills:
 + Level 8.1 Fighting
 + Level 7.1 Dodging
 * Level 10.9 Unarmed Combat
 + Level 8.5 Spellcasting
 * Level 10.6 Transmutations
 - Level 3.1 Ice Magic
 - Level 3.8 Poison Magic
 - Level 5.4 Invocations


You had 13 spell levels left.
You knew the following spells:

 Your Spells              Type           Power        Failure   Level  Hunger
a - Beastly Appendage     Tmut           #####.       3%          1    None
b - Sticks to Snakes      Tmut           #####...     3%          2    None
c - Spider Form           Tmut/Pois      ####......   7%          3    None
d - Ice Form              Ice/Tmut       ####....     14%         4    ###....
e - Blade Hands           Tmut           #####.....   11%         5    #####..

Your spell library contained the following spells:

 Spells                   Type           Power        Failure   Level  Hunger


Dungeon Overview and Level Annotations

Branches:
Dungeon (10/15)            Temple (1/1) D:4            Lair (3/6) D:9
 Shoals (0/4) Lair:2
  Snake: Lair:2-4    Spider: Lair:2-4       Orc: D:9-12

Altars:
Ashenzari
Cheibriados
Dithmenos
Elyvilon
Fedhas
Gozag
Hepliaklqana
Kikubaaqudgha
Makhleb
Nemelex Xobeh
Okawaru
Qazlal
Ru
Sif Muna
Trog
Uskayaw
Vehumet
Wu Jian
Xom
Yredelemnul
Zin
The Shining One

Shops:
D:6 (   D:8 *

Annotations:
D:4 3 runed translucent doors, grindst0ne's ghost, amateur SpAs


Innate Abilities, Weirdness & Mutations

You can breathe bolts of dispelling energy.
Your rich purple scales are hard. (AC +8)
You cannot fit into any form of body armour.
You are cold-blooded and may be slowed by cold attacks.


Message History

Confirm with . or Enter, or press ? or * to list all spells.
You create a snake!
You now have 261 arrows.
The six-headed hydra bites you!
The six-headed hydra closely misses you.
The six-headed hydra bites you! x2
* * * LOW HITPOINT WARNING * * *
The six-headed hydra bites you!
* * * LOW HITPOINT WARNING * * *
The six-headed hydra bites you.
* * * LOW HITPOINT WARNING * * *
The six-headed hydra closely misses your adder.
The six-headed hydra bites your adder but does no damage.
The six-headed hydra bites your adder!
Your adder dies!
The six-headed hydra bites you!
* * * LOW HITPOINT WARNING * * *
The six-headed hydra bites you but does no damage.
The six-headed hydra bites you.
* * * LOW HITPOINT WARNING * * *
The six-headed hydra bites you!
You die...

..####.....# ##......[.##
....#....### ###....##.#
.........# ###.....#####
........#### #####P^....##
#..##......# ##........###
###.#......# #..>......##
##......## #..........##
###P.#...### #P.D........#
..###.....P# ##@........##
..##.##...## #...)......#
....##.....#####..........#
......#.....#.............#
##
.......#....##...##.......###
#.
.......#.........#.#........#
#.
......##.......##.##.......P#
##.
......##.....#######.#......#
#..
.....##.#...##########.P#####
#..


You could see a six-headed hydra.

Vanquished Creatures
  Erolcha (D:10)
  Fannar (D:10)
  A catoblepas (Lair:1)
  A hydra (Lair:1)
  2 two-headed ogres (D:10)
  Erica (D:8)
  Sonja (Lair:2)
  Pikel (D:7)
  A deep elf mage (D:10)
  2 black mambas (Lair:1)
  3 elephants (Lair:2)
  Maurice (D:10)
  Maggie (D:7)
  3 komodo dragons
  A merfolk (D:10)
  Grinder (D:3)
  A hornet (D:8)
  4 hippogriffs
  5 blink frogs (Lair:2)
  16 yaks
  2 basilisks (Lair:1)
  Grum (D:9)
  A hungry ghost (D:8)
  2 wargs (D:9)
  Edmund (D:5)
  5 water moccasins
  3 porcupines
  2 sky beasts
  3 orc warriors
  A black bear (D:10)
  2 necrophages
  4 wolves
  3 ogres
  2 phantoms
  11 centaurs
  7 crocodiles
  7 bullfrogs
  A gnoll sergeant (D:9)
  A scorpion (D:10)
  3 wights (D:7)
  An electric eel (Lair:1)
  4 crimson imps
  A bullfrog zombie (D:10)
  A jelly (D:10)
  A quasit (D:6)
  4 orc priests
  5 hounds
  Crazy Yiuf (D:2)
  A bullfrog skeleton (D:4)
  8 orc wizards
  A centaur skeleton (D:4)
  Ijyb (D:5)
  3 iguanas
  9 worker ants
  A worker ant zombie (D:8)
  12 gnolls
  7 adders
  2 howler monkey skeletons
  An ooze (D:1)
  3 worms
  A dart slug (D:1)
  5 leopard geckos
  24 orcs
  5 bats
  6 giant cockroaches
  5 goblins
  10 hobgoblins
  13 jackals
  4 kobolds
  3 quokkas
  7 frilled lizards
  A jackal skeleton (D:5)
  A leopard gecko skeleton (D:7)
  5 rats
267 creatures vanquished.

Vanquished Creatures (collateral kills)
  A hound zombie (D:5)
  An adder (D:2)
  A goblin (D:3)
3 creatures vanquished.

Vanquished Creatures (others)
  An orc (D:10)
  A kobold (D:10)
  2 bushes (Lair:2)
  5 fungi
  5 plants
14 creatures vanquished.

Grand Total: 284 creatures vanquished

Notes
Turn   | Place    | Note
-------+----------+-------------------------------------------
     0 | D:1      | Gwenloh the Draconian Transmuter began the quest for the
                  | Orb.
     0 | D:1      | Reached XP level 1. HP: 16/16 MP: 3/3
   220 | D:1      | Reached XP level 2. HP: 12/23 MP: 5/5
   426 | D:1      | Learned a level 2 spell: Sticks to Snakes
   910 | D:1      | Reached XP level 3. HP: 23/28 MP: 6/6
   915 | D:1      | Learned a level 3 spell: Spider Form
  1508 | D:2      | Found a shattered altar of Ashenzari.
  1523 | D:2      | Found an opulent altar of Gozag.
  2046 | D:2      | Found a runed translucent door.
  2047 | D:2      | Noticed Crazy Yiuf
  2216 | D:2      | Killed Crazy Yiuf
  2216 | D:2      | Reached skill level 1 in Poison Magic
  2216 | D:2      | Reached XP level 4. HP: 10/36 MP: 3/7
  2923 | D:3      | Found a stormy altar of Qazlal.
  3590 | D:3      | Reached XP level 5. HP: 41/41 MP: 8/8
  3599 | D:3      | Noticed Grinder
  3614 | D:3      | Paralysed by Grinder for 6 turns
  3619 | D:3      | Killed Grinder
  3619 | D:3      | Reached XP level 6. HP: 19/50 MP: 8/10
  3813 | D:3      | Learned a level 4 spell: Ice Form
  4715 | D:4      | Found a runed translucent gate.
  4715 | D:4      | Found a runed translucent gate.
  4715 | D:4      | Found a runed translucent gate.
  4722 | D:4      | Noticed grindst0ne's ghost (amateur SpAs)
  4755 | D:4      | Your scales start taking on a rich purple colour.
  4755 | D:4      | Reached XP level 7. HP: 14/56 MP: 12/12
  5039 | D:4      | Found a staircase to the Ecumenical Temple.
  5050 | Temple   | Entered the Ecumenical Temple
  5144 | Temple   | Became a worshipper of Sif Muna the Loreminder
  5503 | D:5      | Entered Level 5 of the Dungeon
  5516 | D:5      | Noticed Ijyb
  5540 | D:5      | Killed Ijyb
  5626 | D:5      | Noticed Edmund
  5641 | D:5      | Reached skill level 5 in Unarmed Combat
  5641 | D:5      | Reached skill level 1 in Invocations
  5644 | D:5      | Killed Edmund
  5971 | D:5      | Found a shadowy altar of Dithmenos.
  5978 | D:5      | Found a shimmering altar of Xom.
  6254 | D:5      | Reached XP level 8. HP: 32/63 MP: 12/14
  6455 | D:5      | Got a flickering wooden ring
  6811 | D:5      | Identified the ring "Suwu" {Wiz rF- rC+ Dex+6 Slay+3} (You
                  | found it on level 5 of the Dungeon)
  6869 | D:6      | Found Hetecad's Weapon Shoppe.
  6897 | D:6      | Reached skill level 1 in Ice Magic
  7015 | D:6      | Reached skill level 5 in Transmutations
  8096 | D:7      | Learned a level 5 spell: Blade Hands
  8244 | D:7      | Reached * piety under Sif Muna
  8476 | D:7      | Noticed Maggie
  8487 | D:7      | Killed Maggie
  8487 | D:7      | Reached XP level 9. HP: 44/71 MP: 9/16
  8637 | D:7      | Found a shattered altar of Ashenzari.
  8799 | D:7      | Found a sacrificial altar of Ru.
  9200 | D:7      | Noticed Pikel
  9207 | D:7      | Killed Pikel
  9207 | D:7      | Reached skill level 5 in Spellcasting
  9634 | D:8      | Reached skill level 5 in Fighting
  9699 | D:8      | Paralysed by a hornet for 1 turns
  9844 | D:8      | Found Xokehuud's General Store.
 10164 | D:8      | Reached XP level 10. HP: 73/81 MP: 15/18
 10217 | D:8      | Noticed Erica
 10225 | D:8      | Killed Erica
 10474 | D:8      | Found a blossoming altar of Fedhas.
 10707 | D:9      | Reached ** piety under Sif Muna
 10783 | D:9      | Reached skill level 5 in Dodging
 11214 | D:9      | Reached skill level 5 in Invocations
 11956 | D:9      | Found a staircase to the Lair.
 11961 | D:9      | Noticed Grum
 11968 | D:9      | Killed Grum
 12111 | Lair:1   | Entered Level 1 of the Lair of Beasts
 12163 | Lair:1   | Found a dark tunnel.
 12184 | Lair:1   | Noticed a five-headed hydra
 12491 | D:10     | Entered Level 10 of the Dungeon
 12491 | D:10     | Noticed Maurice
 12491 | D:10     | Noticed a two-headed ogre
 12626 | D:10     | Noticed Erolcha
 12628 | D:10     | Noticed a two-headed ogre
 12650 | D:10     | Killed Erolcha
 12650 | D:10     | Reached XP level 11. HP: 91/91 MP: 18/21
 12653 | D:10     | Killed a two-headed ogre
 12730 | D:10     | Killed a two-headed ogre
 12781 | D:10     | Reached *** piety under Sif Muna
 12817 | D:10     | Noticed Fannar
 12842 | D:10     | Killed Fannar
 13132 | D:10     | Killed Maurice
 13162 | D:10     | Noticed a deep elf mage
 13175 | D:10     | Killed a deep elf mage
 13787 | Lair:1   | Killed a five-headed hydra
 14196 | Lair:1   | Reached skill level 10 in Unarmed Combat
 14498 | Lair:1   | Noticed a catoblepas
 14554 | Lair:1   | Killed a catoblepas
 14557 | Lair:1   | Reached skill level 10 in Transmutations
 15225 | Lair:2   | Noticed Sonja
 15227 | Lair:2   | Noticed an eight-headed hydra
 15237 | Lair:1   | HP: 1/110 [eight-headed hydra (7)]
 15788 | Lair:2   | Reached XP level 12. HP: 80/100 MP: 23/23
 15922 | Lair:2   | Found a staircase to the Shoals.
 16750 | Lair:2   | Killed Sonja
 17780 | Lair:3   | Noticed a six-headed hydra
 18263 | Lair:2   | HP: 3/101 [six-headed hydra (6)]
 18263 | Lair:2   | Mangled by a six-headed hydra

Illustrated notes

Levels and vault maps discovered:
D:1:      eino_arrival_cavern_e, layout_basic
D:2:      layout_rooms, nicolae_gozag_seed_capital, ashenzari_altar_1,
          uniq_crazy_yiuf_cottage
D:3:      layout_basic, nicolae_qazlal_general_emergency, uniq_grinder
D:4:      layout_loops_ring, minmay_temple_entry_gardened_gates, first_ration,
          gammafunk_ghost_necromancy
D:5:      layout_cave_pools, amethyst_overflow_temple_binary,
          nrook_loot_triangle, minmay_manual_mares, uniq_ijyb, uniq_edmund
D:6:      layout_loops_ring, serial_shops, shop
D:7:      layout_basic, old_standard_altar, nicolae_ru_awakened_eye, uniq_pikel,
          uniq_maggie
D:8:      layout_basic, serial_curves, eino_curves_02, eino_curves_01,
          serial_shops, shop, fedhas_altar_1, uniq_erica
D:9:      layout_rooms, erik_lair_orcish_takeover, uniq_grum
D:10:     layout_rooms, hangedman_stone_soup, uniq_erolcha, uniq_maurice,
          uniq_fannar
Temple:   lightli_temple_of_artemis
Lair:1:   layout_big_grid, serial_bayou, serial_bayou_pond_b,
          serial_bayou_pond_c, serial_bayou_pond_d, serial_bayou_lake_a,
          nicolae_volcano_entry_two_sided, lemuel_old_faithful
Lair:2:   layout_cave_pods, minmay_shoals_entry_centaurs, beast_lair_carwin_4,
          uniq_sonja
Lair:3:   layout_roguey, spider_nest_entry_a, grunt_forest_small_clearings,
          serial_bayou_shore_a, grunt_megastairs_5, minmay_lair_oklob_chamber,
          uniq_nergalle

Skill      XL: |  1  2  3  4  5  6  7  8  9 10 11 12 |
---------------+-------------------------------------+-----
Dodging        | 2 3 4 5 6 7 |  7.1
Poison Magic   | 1 2 3 |  3.8
Fighting       | 2 3 4 5 6 7 8 |  8.1
Transmutations | 3 4 5 7 8 10 | 10.6
Unarmed Combat | 4 5 6 7 9 10 | 10.9
Spellcasting   | 3 4 5 6 7 8 |  8.5
Invocations    | 1 3 4 5 |  5.4
Ice Magic      | 3 |  3.1

Action                   |  1- 3 |  4- 6 |  7- 9 | 10-12 || total
-------------------------+-------+-------+-------+-------++-------
Melee: Unarmed           |   104 |   163 |   241 |   351 ||   859
       Tailslap          |    15 |    13 |     5 |    14 ||    47
       Headbutt          |     7 |     4 |     8 |     2 ||    21
       Kick              |     4 |    12 |    15 |       ||    31
       Punch             |       |     2 |       |     5 ||     7
 Fire: Shortbow          |       |       |    30 |    87 ||   117
Throw: Stone             |    34 |    57 |    13 |       ||   104
       Dart              |       |       |     6 |       ||     6
       Boomerang         |       |       |     9 |     1 ||    10
 Cast: Beastly Appendage |    23 |    21 |    19 |     8 ||    71
       Sticks to Snakes  |     5 |     5 |     4 |     2 ||    16
       Spider Form       |       |     4 |    16 |    11 ||    31
       Blade Hands       |       |       |     2 |    11 ||    13
       Ice Form          |       |       |     4 |    24 ||    28
 Abil: Breathe Dispellin |       |       |     9 |     1 ||    10
       End Transformatio |       |       |       |     1 ||     1
Evoke: Wand              |       |       |     3 |     1 ||     4
  Use: Potion            |       |       |     1 |     2 ||     3
       Scroll            |       |       |     9 |     4 ||    13
 Stab: Distracted        |     1 |       |     1 |       ||     2
       Sleeping          |       |       |     1 |     2 ||     3
       Petrified         |       |       |       |     2 ||     2
  Eat: Chunk             |     5 |     9 |    20 |    22 ||    56
       Ration            |       |       |     1 |     3 ||     4
Armor: Skin              |    24 |    37 |    46 |    61 ||   168
Dodge: Dodged            |    71 |   111 |   173 |   294 ||   649

Table legend:
 A = Non-vault XP
 B = Vault XP
 C = Vault XP percentage of total XP
 D = Non-vault monster count
 E = Vault monster count
 F = Vault count percentage of total count
                 A         B        C        D         E       F
            +---------+---------+-------+---------+---------+-------
      Total |   19045 |    9683 |  33.7 |     233 |      37 |  13.7
            +---------+---------+-------+---------+---------+-------
        D:1 |      57 |       0 |   0.0 |      27 |       0 |   0.0
        D:2 |      32 |      32 |  50.0 |       8 |       1 |  11.1
        D:3 |      90 |     290 |  76.3 |      23 |       1 |   4.2
        D:4 |     429 |       0 |   0.0 |      24 |       0 |   0.0
        D:5 |     161 |     415 |  72.0 |      12 |       4 |  25.0
        D:6 |    1012 |       0 |   0.0 |      19 |       0 |   0.0
        D:7 |     577 |    1005 |  63.5 |      14 |       2 |  12.5
        D:8 |    1687 |     876 |  34.2 |      18 |       1 |   5.3
        D:9 |    1286 |    1092 |  45.9 |      23 |      12 |  34.3
       D:10 |    3522 |    3168 |  47.4 |      23 |       5 |  17.9
     Lair:1 |    5031 |    1172 |  18.9 |      18 |       2 |  10.0
     Lair:2 |    4293 |    1356 |  24.0 |      18 |       7 |  28.0
     Lair:3 |     868 |     277 |  24.2 |       6 |       2 |  25.0
            +---------+---------+-------+---------+---------+-------
